 Dungeon Crawl Stone Soup version 0.19-a0-36-g4a0968a (webtiles) character file.

132 namelastname112 the Conjurer (level 4, -1/33 HPs)
             Began as a Draconian Conjurer on May 3, 2016.
             Killed by divine providence
             ... invoked by an orc priest
              (10 damage)
             ... on level 4 of the Dungeon.
             The game lasted 00:03:35 (2689 turns).

namelastname112 the Conjurer (Draconian Conjurer)   Turns: 2689, Time: 00:03:35

Health: -1/33      AC:  5    Str: 10    XL:     4   Next: 92%
Magic:  5/18       EV: 12    Int: 16    God:
Gold:   172        SH:  0    Dex: 12    Spells: 2 memorised, 7 levels left

rFire  . . .     SeeInvis .     c - +0 dagger
rCold  . . .     Gourm    .     (armour unavailable)
rNeg   . . .     Faith    .     (no shield)
rPois  .         Spirit   .     (helmet restricted)
rElec  .         Dismiss  .     (no cloak)
rCorr  .         Reflect  .     (no gloves)
SustAt .         Harm     .     (no boots)
MR     .....                    (no amulet)
Stlth  +.........               u - ring of loudness (curse)
                                k - ring of magical power

@: not resistant to hostile enchantments, very unstealthy
A: unfitting armour, cold-blooded, AC +5
a: no special abilities


You were on level 4 of the Dungeon.
You were not hungry.

You visited 1 branch of the dungeon, and saw 4 of its levels.

You collected 172 gold pieces.

Inventory:

Hand Weapons
 c - a +0 dagger (weapon)
Jewellery
 k - a ring of magical power (left hand)
 u - a cursed ring of loudness (right hand)
Wands
 r - a wand of iceblast (10/15)
 v - a wand of flame (20/48)
Scrolls
 g - 2 scrolls of identify {unknown}
 j - a scroll of teleportation {unknown}
 l - a scroll of magic mapping {unknown}
 m - a scroll of remove curse {unknown}
 o - a scroll of fear {unknown}
 p - a scroll of immolation {unknown}
 q - 4 scrolls of enchant armour {unknown}
 t - a scroll of recharging {unknown}
Potions
 d - a potion of flight {unknown}
 e - a potion of cancellation {unknown}
 h - a potion of might {unknown}
 i - a potion of ambrosia {unknown}
 n - 2 potions of heal wounds {unknown}
 s - a potion of lignification {unknown}
Books
 a - a book of Conjurations

   Spells                             Type                      Level
   a - Magic Dart                     Conjuration                  1
   b - Searing Ray                    Conjuration                  2
   c - Dazzling Spray                 Conjuration/Hexes            3
   d - Fulminant Prism                Conjuration/Hexes            4
   e - Iskenderun's Mystic Blast      Conjuration                  4
   f - Iskenderun's Battlesphere      Conjuration/Charms           5
Comestibles
 b - 2 bread rations
 f - 3 meat rations
 x - a slice of pizza


   Skills:
 - Level 1.7 Dodging
 - Level 1.7 Stealth
 + Level 3.5 Spellcasting
 + Level 5.3 Conjurations


You had 7 spell levels left.
You knew the following spells:

 Your Spells              Type           Power        Failure   Level  Hunger
x - Searing Ray           Conj           ###...       3%          2    ##.....
z - Magic Dart            Conj           ###.         1%          1    None


Dungeon Overview and Level Annotations

Branches:
Dungeon (4/15)
 Temple: D:4-7

Altars:
Kikubaaqudgha


Innate Abilities, Weirdness & Mutations

Your plain brown scales are hard (AC +5).
Your body does not fit into most forms of armour.
You are cold-blooded and may be slowed by cold attacks.


Message History

You kill the orc!
The orc priest shouts!
Something hits you but does no damage.
You now have 6/18 mp.
Casting: Magic Dart
Confirm with . or Enter, or press ? or * to list all spells.
Aiming: Magic Dart
Press: ? - help, Shift-Dir - straight line, f - orc
Aim: an orc, wielding a whip The magic dart hits something.
You hear some strange, mumbled words.
A magic dart appears from out of thin air!
The magic dart hits you!
The orc priest invokes the aid of Beogh against you.
Beogh smites you!
* * * LOW HITPOINT WARNING * * *
You take 16 damage, and have 9/33 hp.
MASSIVE DAMAGE!!
You now have 5/18 mp.
The orc priest invokes the aid of Beogh against you.
Beogh smites you!
You die...

# #.#######
#...){@.#
###..o..#
#.oo).)...#
.####.....#
#.<...#
##..###
..<. ....#
###.#


You could see 2 orc priests and an orc.

Vanquished Creatures
  2 adders (D:2)
  3 worms
  2 dart slugs
  3 giant geckos
  7 orcs
  5 giant cockroaches
  9 goblins
  4 hobgoblins
  3 jackals (D:3)
  2 quokkas
  7 bats
  6 giant newts
  7 kobolds
  40 rats
100 creatures vanquished.

Notes
Turn   | Place    | Note
--------------------------------------------------------------
     0 | D:1      | namelastname112 the Draconian Conjurer began the quest for the Orb.
     0 | D:1      | Reached XP level 1. HP: 14/14 MP: 3/3
   123 | D:1      | Reached XP level 2. HP: 12/20 MP: 1/5
   138 | D:1      | Learned a level 2 spell: Searing Ray
   142 | D:1      | You fall through a shaft!
   650 | D:1      | Reached XP level 3. HP: 26/26 MP: 2/6
  1549 | D:3      | Reached skill level 5 in Conjurations
  1615 | D:3      | Reached XP level 4. HP: 33/33 MP: 6/8
  1843 | D:3      | Found an ancient bone altar of Kikubaaqudgha.
  2568 | D:2      | oplop: чет тебя оркверриоры унижают
  2689 | D:4      | Killed from afar by an orc priest

Vault maps used:
D:1:      saegor_arrival_simple_e, serial_bayou_pond_d, nrook_loot_triangle
D:2:      grunt_ministairs_9, minmay_rats_cheesy_pizza
D:3:      lemuel_doored_altar
D:4:      uniq_blork_the_orc

Skill      XL: |  1  2  3 |
---------------+----------+-----
Conjurations   | 5 |  5.3
Spellcasting   | 3 |  3.5
Dodging        | |  1.7
Stealth        | |  1.7

Action                   |  1- 3 |  4- 6 || total
-------------------------+-------+-------++-------
Melee: Unarmed           |    27 |       ||    27
       Tailslap          |     5 |     2 ||     7
       Dagger            |    23 |    14 ||    37
 Cast: Magic Dart        |    91 |    71 ||   162
       Searing Ray       |       |     5 ||     5
  Eat: Chunk             |     3 |     3 ||     6
Armor: Skin              |    19 |    17 ||    36
Dodge: Dodged            |    50 |    24 ||    74
